[Event "23rd Pirc Memorial Juniors 202"]
[Site "Maribor"]
[Date "2020.08.14"]
[Round "5.5"]
[White "Kozlovic, Jernej"]
[Black "Kodric, Gasper"]
[Result "1/2-1/2"]
[ECO "B13"]
[WhiteElo "1445"]
[BlackElo "1624"]
[Annotator "NA RC"]
[PlyCount "147"]
[EventDate "2020.08.12"]
[EventType "tourn"]
[EventCountry "SLO"]
[SourceTitle "playchess.com"]
[Source "ChessBase"]
[SourceQuality "1"]
[TimeControl "3600+30"]

1. e4 c6 2. d4 d5 3. exd5 cxd5 4. Bd3 Nc6 5. c3 Nf6 6. Bf4 Bg4 7. Qb3 Qc8 8. h3 Bh5 9. Nd2 e6 10. Ngf3 Bg6 11. Bb5 a6 12. Be2 Be7 13. O-O h6 14. Ne5 Nxe5 15. Bxe5 O-O 16. a4 Rd8 17. a5 Bd6 18. Nf3 Rb8 19. Qb6 Bxe5 20. Nxe5 Nd7 21. Nxd7 Qxd7 22. Ra3 Rdc8 23. Qb4 Rc6 24. Rc1 b5 25. Raa1 Rbc8 26. Re1 Qd6 27. Qxd6 Rxd6 28. Bf1 Rdc6 29. Re3 Bc2 30. g3 Rb8 31. Rc1 Bb3 32. Ree1 Rbc8 33. Ra1 Bc4 34. Bg2 Rb8 35. Rec1 b4 36. cxb4 Rxb4 37. Rc2 Bb5 38. Rxc6 Bxc6 39. Ra2 Rxd4 40. b3 Rd1+ 41. Kh2 Bb5 42. Rb2 d4 43. Bf3 Rc1 44. Rd2 e5 45. Bd5 Bc6 46. Bxc6 Rxc6 47. Kg2 Rc3 48. f4 f6 49. b4 Rb3 50. fxe5 fxe5 51. Re2 Rxb4 52. Rxe5 Kf7 53. Kf3 Rb3+ 54. Kf4 g5+ 55. Kg4 Rd3 56. h4 Kf6 57. Rd5 Ke6 58. Rd8 Ke5 59. hxg5 hxg5 60. Ra8 Ra3 61. Rxa6 d3 62. Ra8 Ra4+ 63. Kxg5 Ke4 64. g4 Ke3 65. Re8+ Kf2 66. Rd8 Rxa5+ 67. Kh6 Ke2 68. g5 d2 69. g6 d1=Q 70. Rxd1 Kxd1 71. g7 Ra6+ 72. Kh7 Ra7 73. Kh8 Rxg7 74. Kxg7 1/2-1/2

[Event "23rd Pirc Memorial Juniors 202"]
[Site "Maribor"]
[Date "2020.08.14"]
[Round "6.1"]
[White "Drevensek, Gasper"]
[Black "Kodric, Gasper"]
[Result "1/2-1/2"]
[ECO "B12"]
[WhiteElo "1446"]
[BlackElo "1624"]
[Annotator "NA RC"]
[PlyCount "135"]
[EventDate "2020.08.12"]
[EventType "tourn"]
[EventCountry "SLO"]
[SourceTitle "playchess.com"]
[Source "ChessBase"]
[SourceQuality "1"]
[TimeControl "3600+30"]

1. e4 c6 2. d4 d5 3. e5 c5 4. dxc5 e6 5. Be3 Nd7 6. Bb5 Ne7 7. c3 a6 8. Bxd7+ Bxd7 9. b4 Nf5 10. Bd4 Nxd4 11. cxd4 a5 12. Qb3 axb4 13. Qxb4 Ra4 14. Qd2 b6 15. Nc3 Ra3 16. cxb6 Qxb6 17. Nge2 Bb4 18. O-O Bb5 19. Qb2 Rxc3 20. Nxc3 Bxf1 21. Rxf1 Qxd4 22. Rb1 O-O 23. Qxb4 Qxe5 24. a4 d4 25. Nb5 d3 26. Rd1 Rc8 27. h3 h6 28. Qb3 d2 29. Qb1 Qe2 30. a5 Rb8 31. a6 Rxb5 32. Qa1 Ra5 33. Qxa5 Qxd1+ 34. Kh2 Qe1 35. Qd8+ Kh7 36. a7 Qe5+ 37. Kg1 Qa1+ 38. Kh2 d1=Q 39. Qxd1 Qxd1 40. a8=Q Qd6+ 41. Kg1 Qd5 42. Qf8 Qf5 43. Qd6 e5 44. Qd5 Kg6 45. Qd6+ Qe6 46. Qd3+ e4 47. Qg3+ Kh7 48. Qf4 g5 49. Qe3 Kg6 50. Qd4 f6 51. Qd8 e3 52. fxe3 Qxe3+ 53. Kh2 Qe5+ 54. Kh1 Qe6 55. Qd3+ f5 56. Kg1 h5 57. Kh1 h4 58. Qd2 Kh5 59. Qd1+ g4 60. hxg4+ fxg4 61. Qd2 Qf5 62. Qd1 Qe5 63. Qf1 Kg5 64. Qc1+ Kh5 65. Qf1 Qd5 66. Qe1 Kg5 67. Qe3+ Kf5 68. Qf2+ 1/2-1/2

[Event "23rd Pirc Memorial Juniors 202"]
[Site "Maribor"]
[Date "2020.08.14"]
[Round "6.2"]
[White "Heric, Meta"]
[Black "Kozlovic, Jernej"]
[Result "0-1"]
[ECO "C62"]
[WhiteElo "1287"]
[BlackElo "1445"]
[Annotator "NA"]
[PlyCount "82"]
[EventDate "2020.08.12"]
[EventType "tourn"]
[EventCountry "SLO"]
[SourceTitle "playchess.com"]
[Source "ChessBase"]
[SourceQuality "1"]
[TimeControl "3600+30"]

1. e4 e5 2. Nf3 Nc6 3. Nc3 Nf6 4. Bb5 d6 5. d4 exd4 6. Nxd4 Bd7 7. Bxc6 bxc6 8. Qf3 c5 9. Nf5 h6 10. Bf4 g6 11. e5 Nh5 12. Ng3 Nxf4 13. Qxf4 Qg5 14. Qxg5 hxg5 15. Nd5 Rb8 16. O-O-O Rb7 17. Nf6+ Kd8 18. Nxd7 Kxd7 19. exd6 Bxd6 20. Ne4 Kc6 21. Nxg5 Bf4+ 22. Kb1 Bxg5 23. g3 Re8 24. Rhe1 Rbb8 25. f4 Bf6 26. c3 Rxe1 27. Rxe1 Bxc3 28. Re2 Bd4 29. h4 Kd7 30. g4 Re8 31. Rh2 Re4 32. h5 gxh5 33. gxh5 Rxf4 34. h6 Rf1+ 35. Kc2 Rf2+ 36. Rxf2 Bxf2 37. Kd3 Bd4 38. b4 Kc6 39. Kc4 Be5 40. bxc5 a5 41. h7 f5 0-1

[Event "23rd Pirc Memorial Juniors 202"]
[Site "Maribor"]
[Date "2020.08.14"]
[Round "6.3"]
[White "Drevensek, Doroteja"]
[Black "Javornik, Nik"]
[Result "0-1"]
[ECO "B22"]
[WhiteElo "1381"]
[BlackElo "1786"]
[Annotator "NA"]
[PlyCount "70"]
[EventDate "2020.08.12"]
[EventType "tourn"]
[EventCountry "SLO"]
[SourceTitle "playchess.com"]
[Source "ChessBase"]
[SourceQuality "1"]
[TimeControl "3600+30"]

1. e4 c5 2. c3 d5 3. exd5 Qxd5 4. d4 Nc6 5. Nf3 Bf5 6. c4 Qe4+ 7. Be3 cxd4 8. Nxd4 Nxd4 9. Qxd4 Qxd4 10. Bxd4 Nf6 11. Nc3 a6 12. Be2 e6 13. Bf3 O-O-O 14. O-O-O Bd6 15. g3 Kb8 16. Bb6 Rd7 17. c5 Bc7 18. Rxd7 Nxd7 19. Bxc7+ Kxc7 20. b4 Ne5 21. Be2 Nd3+ 22. Bxd3 Bxd3 23. Rd1 Rd8 24. a3 g5 25. f3 h5 26. Rd2 Rd7 27. a4 e5 28. Ne4 g4 29. Nf2 Bf5 30. fxg4 hxg4 31. Rxd7+ Bxd7 32. a5 Kc6 33. Nd3 Kd5 34. Kd2 Kd4 35. Ke2 Bb5 0-1

[Event "23rd Pirc Memorial Juniors 202"]
[Site "Maribor"]
[Date "2020.08.14"]
[Round "6.4"]
[White "Guid, Taja"]
[Black "Lavrencic, Matic"]
[Result "0-1"]
[ECO "E17"]
[WhiteElo "1705"]
[BlackElo "1902"]
[Annotator "ChessBase"]
[PlyCount "93"]
[EventDate "2020.08.12"]
[EventType "tourn"]
[EventCountry "SLO"]
[SourceTitle "playchess.com"]
[Source "ChessBase"]
[SourceQuality "1"]
[TimeControl "3600+30"]

1. d4 Nf6 2. c4 e6 3. Nf3 b6 4. g3 Bb7 5. Bg2 Be7 6. O-O O-O 7. Nbd2 c5 8. e3 cxd4 9. exd4 Nc6 10. b3 d5 11. Bb2 Rc8 12. Ne5 dxc4 13. Ndxc4 b5 14. Ne3 Qb6 15. Nxc6 Bxc6 16. Bxc6 Qxc6 17. Rc1 Qb7 18. Qe2 Qd7 19. Rfd1 Nd5 20. Nxd5 Qxd5 21. Qe5 Qb7 22. h4 Bf6 23. Qe2 Rfd8 24. Rxc8 Rxc8 25. Qd2 Qe4 26. Rc1 Rd8 27. Re1 Qd5 28. Qe2 a6 29. Qe4 Qxe4 30. Rxe4 g6 31. Kg2 Kf8 32. Ba3+ Ke8 33. Bc5 Bg7 34. Kf3 Rd5 35. b4 Kd7 36. Rf4 f5 37. g4 e5 38. dxe5 Bxe5 39. gxf5 Bxf4 40. Kxf4 Rxf5+ 41. Kg3 Ke6 42. Be3 Kd5 43. Bc1 Kc4 44. a3 Rd5 45. f3 Kb3 46. Kf2 Rd1 47. Ke2 0-1

[Event "23rd Pirc Memorial Juniors 202"]
[Site "Maribor"]
[Date "2020.08.15"]
[Round "7.1"]
[White "Javornik, Lina"]
[Black "Drevensek, Gasper"]
[Result "0-1"]
[ECO "B22"]
[WhiteElo "1330"]
[BlackElo "1446"]
[Annotator "NA"]
[PlyCount "62"]
[EventDate "2020.08.12"]
[EventType "tourn"]
[EventCountry "SLO"]
[SourceTitle "playchess.com"]
[Source "ChessBase"]
[SourceQuality "1"]
[TimeControl "3600+30"]

1. e4 c5 2. c3 d5 3. exd5 Qxd5 4. d4 Nc6 5. Nf3 Nf6 6. Be3 cxd4 7. cxd4 Bg4 8. Nc3 Qd6 9. Be2 e6 10. a3 Be7 11. O-O O-O 12. h3 Bh5 13. Qd2 Rfd8 14. Rad1 a6 15. Rfe1 Bg6 16. Kh1 Rac8 17. Nh4 Ne4 18. Nxe4 Bxe4 19. Nf3 Bf6 20. Bf4 Qd7 21. Be3 Ne7 22. Bd3 Bxf3 23. gxf3 e5 24. dxe5 Qxh3+ 25. Kg1 Bxe5 26. f4 Bf6 27. Bxh7+ Kxh7 28. Qxd8 Rxd8 29. Rxd8 Nf5 30. Rd7 Nxe3 31. Rxe3 Qxd7 0-1

[Event "23rd Pirc Memorial Juniors 202"]
[Site "Maribor"]
[Date "2020.08.15"]
[Round "7.2"]
[White "Lavrencic, Matic"]
[Black "Centrih, Aleks"]
[Result "1-0"]
[ECO "C78"]
[WhiteElo "1902"]
[BlackElo "1746"]
[Annotator "ChessBase"]
[PlyCount "75"]
[EventDate "2020.08.12"]
[EventType "tourn"]
[EventCountry "SLO"]
[SourceTitle "playchess.com"]
[Source "ChessBase"]
[SourceQuality "1"]
[TimeControl "3600+30"]

1. e4 e5 2. Nf3 Nc6 3. Bb5 a6 4. Ba4 Nf6 5. O-O b5 6. Bb3 Bc5 7. c3 d6 8. d4 Bb6 9. a4 Rb8 10. a5 Ba7 11. Be3 exd4 12. cxd4 O-O 13. Qc1 Bb7 14. d5 Bxe3 15. Qxe3 Ne7 16. Nbd2 Ng6 17. h3 Re8 18. Qd4 h6 19. Rac1 Qd7 20. Rfe1 c5 21. dxc6 Bxc6 22. Rc3 Bb7 23. Rd3 Rbd8 24. Qb4 Qc7 25. g3 Ne5 26. Rc3 Qd7 27. Nxe5 Rxe5 28. g4 Rde8 29. Rce3 R5e7 30. Qd4 Qc7 31. h4 Qc5 32. Qxc5 dxc5 33. g5 hxg5 34. hxg5 Nd7 35. g6 c4 36. gxf7+ Kxf7 37. Ba2 Nf6 38. b3 1-0

[Event "23rd Pirc Memorial Juniors 202"]
[Site "Maribor"]
[Date "2020.08.15"]
[Round "7.3"]
[White "Javornik, Nik"]
[Black "Guid, Taja"]
[Result "1/2-1/2"]
[ECO "B48"]
[WhiteElo "1786"]
[BlackElo "1705"]
[Annotator "NA"]
[PlyCount "95"]
[EventDate "2020.08.12"]
[EventType "tourn"]
[EventCountry "SLO"]
[SourceTitle "playchess.com"]
[Source "ChessBase"]
[SourceQuality "1"]
[TimeControl "3600+30"]

1. e4 c5 2. Nf3 e6 3. d4 cxd4 4. Nxd4 Nc6 5. Nc3 Qc7 6. Be3 a6 7. Qd2 Nf6 8. f3 Ne5 9. O-O-O b5 10. g4 Bb4 11. g5 Nh5 12. Kb1 Bxc3 13. Qxc3 Qxc3 14. bxc3 Bb7 15. Be2 Ng6 16. c4 bxc4 17. Bxc4 Rc8 18. Bd3 Nhf4 19. Nb3 Nxd3 20. cxd3 d6 21. Kb2 O-O 22. Rhf1 Rfd8 23. f4 Ne7 24. Rc1 Nc6 25. Bb6 Re8 26. Rc3 e5 27. f5 f6 28. h4 Ne7 29. Rfc1 d5 30. Rxc8 Nxc8 31. Nc5 Nxb6 32. Nxb7 Rb8 33. Rc7 Na8 34. Rd7 Nb6 35. Rd8+ Rxd8 36. Nxd8 dxe4 37. dxe4 Na4+ 38. Kb3 Nc5+ 39. Kb4 Nxe4 40. gxf6 gxf6 41. a4 Nd6 42. Ka5 Nxf5 43. Ne6 Kf7 44. Nc5 Nxh4 45. Kxa6 f5 46. a5 f4 47. Kb7 f3 48. Ne4 1/2-1/2

[Event "23rd Pirc Memorial Juniors 202"]
[Site "Maribor"]
[Date "2020.08.15"]
[Round "7.4"]
[White "Kozlovic, Jernej"]
[Black "Drevensek, Doroteja"]
[Result "1-0"]
[ECO "B13"]
[WhiteElo "1445"]
[BlackElo "1381"]
[Annotator "NA"]
[PlyCount "91"]
[EventDate "2020.08.12"]
[EventType "tourn"]
[EventCountry "SLO"]
[SourceTitle "playchess.com"]
[Source "ChessBase"]
[SourceQuality "1"]
[TimeControl "3600+30"]

1. e4 c6 2. d4 d5 3. exd5 cxd5 4. Bd3 Nc6 5. c3 Nf6 6. Bf4 Bg4 7. Qb3 Qc8 8. Nd2 e6 9. Ngf3 a6 10. O-O Be7 11. Ne5 Bh5 12. Ndf3 O-O 13. Rfe1 Re8 14. h3 Bg6 15. Nxg6 hxg6 16. Ne5 Nxe5 17. Bxe5 Qc6 18. Qc2 Bd6 19. Bxf6 gxf6 20. Bxg6 fxg6 21. Qxg6+ Kh8 22. Qh6+ Kg8 23. Qg6+ Kh8 24. Qxf6+ Kh7 25. Re2 Re7 26. Rae1 Rae8 27. f4 Qd7 28. Re3 Rf7 29. Qh4+ Kg8 30. Rxe6 Rxe6 31. Qg4+ Rg7 32. Qxe6+ Qxe6 33. Rxe6 Bxf4 34. g4 Bc1 35. Re2 Kf8 36. b3 Re7 37. Kf2 Rxe2+ 38. Kxe2 Bg5 39. c4 Bf6 40. cxd5 Bxd4 41. Kd3 Bc5 42. Ke4 Bd6 43. Kf5 Kf7 44. h4 Bf8 45. g5 Ke7 46. h5 1-0

[Event "23rd Pirc Memorial Juniors 202"]
[Site "Maribor"]
[Date "2020.08.15"]
[Round "7.5"]
[White "Kodric, Gasper"]
[Black "Heric, Meta"]
[Result "0-1"]
[ECO "A26"]
[WhiteElo "1624"]
[BlackElo "1287"]
[Annotator "NA"]
[PlyCount "134"]
[EventDate "2020.08.12"]
[EventType "tourn"]
[EventCountry "SLO"]
[SourceTitle "playchess.com"]
[Source "ChessBase"]
[SourceQuality "1"]
[TimeControl "3600+30"]

1. c4 e5 2. g3 Nc6 3. Bg2 g6 4. Nc3 Bg7 5. Nf3 f5 6. d3 d6 7. O-O Nf6 8. e4 fxe4 9. dxe4 O-O 10. h3 h6 11. Be3 Be6 12. b3 Qd7 13. Kh2 Nh5 14. Qd2 Kh7 15. Rad1 g5 16. Nd5 g4 17. Ng1 gxh3 18. Bxh3 Bxh3 19. Nxh3 Nf6 20. f3 Rf7 21. Nf2 Raf8 22. c5 Nxd5 23. exd5 Ne7 24. f4 dxc5 25. Ne4 b6 26. d6 cxd6 27. Qc2 Qf5 28. g4 Qg6 29. Rxd6 Bf6 30. fxe5 Bxe5+ 31. Bf4 Bxd6 32. Bxd6 Rxf1 33. Bxe7 R1f2+ 34. Qxf2 Rxf2+ 35. Nxf2 Qc2 36. Kg3 Qxa2 37. b4 Qb3+ 38. Kh4 Qxb4 39. Kh5 Qf4 40. Nh3 Qf7+ 41. Kh4 Qxe7+ 42. g5 Qe1+ 43. Kh5 hxg5 44. Nxg5+ Kg7 45. Kg4 Qg1+ 46. Kf4 Qxg5+ 47. Kxg5 a5 48. Kf4 a4 49. Ke4 a3 50. Kd3 a2 51. Kc4 a1=Q 52. Kb3 c4+ 53. Kc2 Qa2+ 54. Kc3 Qh2 55. Kxc4 Qd6 56. Kb5 Qc5+ 57. Ka4 b5+ 58. Kb3 Qc4+ 59. Kb2 Kf6 60. Ka1 Ke5 61. Kb2 Ke4 62. Ka3 b4+ 63. Kb2 Qc3+ 64. Kb1 Qd2 65. Ka1 b3 66. Kb1 Qc2+ 67. Ka1 Qa2# 0-1

[Event "23rd Pirc Memorial Juniors 202"]
[Site "Maribor"]
[Date "2020.08.15"]
[Round "8.1"]
[White "Drevensek, Gasper"]
[Black "Heric, Meta"]
[Result "1-0"]
[ECO "B53"]
[WhiteElo "1624"]
[BlackElo "1287"]
[Annotator "NA"]
[PlyCount "59"]
[EventDate "2020.08.12"]
[EventType "tourn"]
[EventCountry "SLO"]
[SourceTitle "playchess.com"]
[Source "ChessBase"]
[SourceQuality "1"]
[TimeControl "3600+30"]

1. e4 c5 2. Nf3 d6 3. d4 cxd4 4. Qxd4 Nf6 5. Bb5+ Bd7 6. Bxd7+ Qxd7 7. c4 Nc6 8. Qd3 Nb4 9. Qe2 Na6 10. Nc3 Nc5 11. O-O e5 12. Bg5 Be7 13. Rfd1 O-O 14. Bxf6 Bxf6 15. Rd2 Rfd8 16. Rad1 Qc6 17. Nd5 Kh8 18. Qe3 Nd7 19. Nxf6 Nxf6 20. Nxe5 Qe8 21. Qd4 Kg8 22. f3 b5 23. Nd3 bxc4 24. Qxc4 d5 25. exd5 Nxd5 26. Qe4 Qb5 27. Nf2 Rac8 28. Rxd5 Rxd5 29. Qxd5 Qxd5 30. Rxd5 1-0

[Event "23rd Pirc Memorial Juniors 202"]
[Site "Maribor"]
[Date "2020.08.15"]
[Round "8.2"]
[White "Drevensek, Doroteja"]
[Black "Kodric, Gasper"]
[Result "0-1"]
[ECO "B12"]
[WhiteElo "1381"]
[BlackElo "1624"]
[Annotator "NA"]
[PlyCount "102"]
[EventDate "2020.08.12"]
[EventType "tourn"]
[EventCountry "SLO"]
[SourceTitle "playchess.com"]
[Source "ChessBase"]
[SourceQuality "1"]
[TimeControl "3600+30"]

1. e4 c6 2. d4 d5 3. e5 c5 4. dxc5 e6 5. a3 Bxc5 6. Nf3 Nd7 7. Bd3 g6 8. b4 Be7 9. O-O a5 10. bxa5 Qxa5 11. Bb2 Nc5 12. Be2 Bd7 13. c4 dxc4 14. Bxc4 Rd8 15. Qe2 h5 16. Nc3 Na4 17. Nxa4 Bxa4 18. Rab1 Nh6 19. Bd4 b5 20. Bxb5+ Bxb5 21. Rxb5 Qa6 22. Rfb1 O-O 23. Qa2 Nf5 24. Bb6 Qxb5 25. Bxd8 Rxd8 26. g4 Qc6 27. gxf5 Qxf3 28. fxe6 Rd1+ 29. Rxd1 Qxd1+ 30. Kg2 Qg4+ 31. Kf1 Qxe6 32. Qb2 Qh3+ 33. Kg1 Qxa3 34. Qb8+ Kg7 35. Qc7 Qc5 36. Qb8 Bh4 37. Qb2 Qxf2+ 38. Qxf2 Bxf2+ 39. Kxf2 Kh6 40. h4 g5 41. Kg3 gxh4+ 42. Kxh4 Kg6 43. Kh3 Kf5 44. Kh4 Kxe5 45. Kxh5 Kf4 46. Kh4 f5 47. Kh3 Kf3 48. Kh2 Kf2 49. Kh1 f4 50. Kh2 f3 51. Kh1 Ke1 0-1

[Event "23rd Pirc Memorial Juniors 202"]
[Site "Maribor"]
[Date "2020.08.15"]
[Round "8.3"]
[White "Guid, Taja"]
[Black "Kozlovic, Jernej"]
[Result "1/2-1/2"]
[ECO "E11"]
[WhiteElo "1705"]
[BlackElo "1445"]
[Annotator "NA RC"]
[PlyCount "85"]
[EventDate "2020.08.12"]
[EventType "tourn"]
[EventCountry "SLO"]
[SourceTitle "playchess.com"]
[Source "ChessBase"]
[SourceQuality "1"]
[TimeControl "3600+30"]

1. d4 Nf6 2. c4 e6 3. g3 Bb4+ 4. Bd2 Qe7 5. Bg2 Nc6 6. Nf3 Bxd2+ 7. Nbxd2 O-O 8. O-O d6 9. e4 e5 10. d5 Nb8 11. Re1 a5 12. a3 a4 13. b4 axb3 14. Nxb3 Na6 15. Qd3 Nd7 16. Nfd2 Nac5 17. Nxc5 Nxc5 18. Qe3 Ra4 19. Rec1 Bd7 20. Nb3 Nxb3 21. Qxb3 b6 22. Bf3 Rfa8 23. Bd1 R4a5 24. Qc3 Qe8 25. Rcb1 Qc8 26. Rb2 Qa6 27. Rba2 Rc5 28. Be2 Qb7 29. a4 Rca5 30. Bd1 R8a6 31. Bb3 Qa8 32. Qc2 Qe8 33. f3 g6 34. Kg2 Ra8 35. Kg1 f5 36. Kg2 Kh8 37. Kg1 Qf7 38. Rf1 Qe8 39. Rfa1 R8a7 40. Kg2 Qa8 41. Kg1 h5 42. Qd2 Kg7 43. Qc2 1/2-1/2

[Event "23rd Pirc Memorial Juniors 202"]
[Site "Maribor"]
[Date "2020.08.15"]
[Round "8.4"]
[White "Centrih, Aleks"]
[Black "Javornik, Nik"]
[Result "1/2-1/2"]
[ECO "B27"]
[WhiteElo "1746"]
[BlackElo "1786"]
[Annotator "NA"]
[PlyCount "60"]
[EventDate "2020.08.12"]
[EventType "tourn"]
[EventCountry "SLO"]
[SourceTitle "playchess.com"]
[Source "ChessBase"]
[SourceQuality "1"]
[TimeControl "3600+30"]

1. e4 c5 2. Nf3 g6 3. d4 cxd4 4. Qxd4 Nf6 5. e5 Nc6 6. Qa4 Nd5 7. Qe4 Nb6 8. Nc3 Bg7 9. Bf4 d5 10. exd6 Bf5 11. Qe2 O-O 12. O-O-O exd6 13. Rxd6 Qc8 14. Qd2 Re8 15. Bh6 Bh8 16. Be3 Na5 17. Bxb6 axb6 18. Nd4 Be5 19. Ndb5 Nc4 20. Bxc4 Qxc4 21. Kb1 Rxa2 22. Nxa2 Qxb5 23. Nc3 Qb3 24. Rd8 Qxc2+ 25. Qxc2 Bxc2+ 26. Kxc2 Rxd8 27. h3 Kg7 28. f3 Bf4 29. Rd1 Rxd1 30. Nxd1 f5 1/2-1/2

[Event "23rd Pirc Memorial Juniors 202"]
[Site "Maribor"]
[Date "2020.08.16"]
[Round "9.1"]
[White "Lavrencic, Matic"]
[Black "Drevensek, Gasper"]
[Result "1-0"]
[ECO "B51"]
[WhiteElo "1902"]
[BlackElo "1446"]
[Annotator "ChessBase"]
[PlyCount "129"]
[EventDate "2020.08.12"]
[EventType "tourn"]
[EventCountry "SLO"]
[SourceTitle "playchess.com"]
[Source "ChessBase"]
[SourceQuality "1"]
[TimeControl "3600+30"]

1. e4 c5 2. Nf3 d6 3. Bb5+ Nd7 4. O-O a6 5. Bd3 Ngf6 6. c3 e6 7. Bc2 b5 8. d4 Bb7 9. Nbd2 Be7 10. a4 O-O 11. Qe2 Qb6 12. Bd3 c4 13. Bc2 Rac8 14. Re1 Rfe8 15. Nf1 e5 16. d5 Nc5 17. Ng3 Bf8 18. Bg5 Nfd7 19. h3 bxa4 20. Bxa4 Nxa4 21. Rxa4 f6 22. Be3 Qc7 23. Nd2 Nc5 24. Rxc4 a5 25. b4 Ba6 26. bxc5 Bxc4 27. Qxc4 dxc5 28. d6+ Qf7 29. Qxf7+ Kxf7 30. d7 Rcd8 31. dxe8=Q+ Kxe8 32. Nc4 Rd3 33. Nxa5 Rxc3 34. Rc1 Ra3 35. Nb7 Ra7 36. Nxc5 Kf7 37. Ne6 Ra2 38. Nxf8 Kxf8 39. Rc8+ Kf7 40. Rc7+ Kg6 41. h4 h5 42. Nf5 Ra1+ 43. Kh2 Kh7 44. Rxg7+ Kh8 45. Re7 Kg8 46. Nh6+ Kh8 47. Nf5 Kg8 48. Rg7+ Kh8 49. Rg6 Kh7 50. Rxf6 Kg8 51. Rh6 Kf7 52. Rxh5 Kg6 53. Rg5+ Kh7 54. h5 Kh8 55. Kg3 Ra3 56. Ne7 Kh7 57. Kg4 Ra4 58. Rxe5 Kg7 59. Nf5+ Kf6 60. f4 Kf7 61. h6 Kg6 62. Re6+ Kf7 63. Re7+ Kg8 64. Kg5 Ra6 65. h7+ 1-0

[Event "23rd Pirc Memorial Juniors 202"]
[Site "Maribor"]
[Date "2020.08.16"]
[Round "9.2"]
[White "Javornik, Nik"]
[Black "Javornik, Lina"]
[Result "1-0"]
[ECO "C78"]
[WhiteElo "1786"]
[BlackElo "1330"]
[Annotator "NA RC"]
[PlyCount "30"]
[EventDate "2020.08.12"]
[EventType "tourn"]
[EventCountry "SLO"]
[SourceTitle "playchess.com"]
[Source "ChessBase"]
[SourceQuality "1"]
[TimeControl "3600+30"]

1. e4 e5 2. Nf3 Nc6 3. Bb5 a6 4. Ba4 Bc5 5. O-O Nf6 6. Nxe5 Nxe5 7. d4 Bd6 8. f4 Neg4 9. e5 Bxe5 10. fxe5 c6 11. exf6 Nxf6 12. Bg5 Qb6 13. Bxf6 gxf6 14. Bb3 Rg8 15. Rxf6 d5 1-0

[Event "23rd Pirc Memorial Juniors 202"]
[Site "Maribor"]
[Date "2020.08.16"]
[Round "9.3"]
[White "Kozlovic, Jernej"]
[Black "Centrih, Aleks"]
[Result "1-0"]
[ECO "C78"]
[WhiteElo "1445"]
[BlackElo "1746"]
[Annotator "NA"]
[PlyCount "81"]
[EventDate "2020.08.12"]
[EventType "tourn"]
[EventCountry "SLO"]
[SourceTitle "playchess.com"]
[Source "ChessBase"]
[SourceQuality "1"]
[TimeControl "3600+30"]

1. e4 e5 2. Nf3 Nc6 3. Bb5 a6 4. Ba4 Nf6 5. O-O b5 6. Bb3 Bb7 7. Re1 Bc5 8. c3 d6 9. d4 Bb6 10. Bc2 O-O 11. Bg5 h6 12. Bh4 g5 13. dxe5 Nxe5 14. Bg3 Qe7 15. Nxe5 dxe5 16. Nd2 Rad8 17. Qe2 Bc8 18. Nf3 Nd7 19. Rad1 f6 20. h3 Nc5 21. Nh2 Ne6 22. Bb3 Kh7 23. Bxe6 Bxe6 24. Ng4 Bxa2 25. Ne3 Be6 26. Ra1 Ra8 27. Red1 c6 28. Qf3 a5 29. Nf5 Qf7 30. Rd6 Rac8 31. Rad1 Rfd8 32. Qg4 h5 33. Qf3 Kg6 34. Bh2 Bb3 35. R1d3 Qf8 36. Bxe5 Rxd6 37. Rxd6 Bd8 38. Ng3 Bf7 39. Bxf6 Qxd6 40. Qf5+ Kh6 41. Qxg5+ 1-0

[Event "23rd Pirc Memorial Juniors 202"]
[Site "Maribor"]
[Date "2020.08.16"]
[Round "9.4"]
[White "Kodric, Gasper"]
[Black "Guid, Taja"]
[Result "1/2-1/2"]
[ECO "A13"]
[WhiteElo "1624"]
[BlackElo "1705"]
[Annotator "NA"]
[PlyCount "69"]
[EventDate "2020.08.12"]
[EventType "tourn"]
[EventCountry "SLO"]
[SourceTitle "playchess.com"]
[Source "ChessBase"]
[SourceQuality "1"]
[TimeControl "3600+30"]

1. c4 e6 2. g3 d5 3. Bg2 Nf6 4. Nf3 Bd6 5. O-O O-O 6. b3 b6 7. Bb2 Bb7 8. Nc3 Nbd7 9. e3 a6 10. Qe2 c5 11. cxd5 exd5 12. d4 Re8 13. Rac1 Rc8 14. Rfd1 Qe7 15. a4 c4 16. bxc4 dxc4 17. Nd2 Bxg2 18. Kxg2 Qe6 19. e4 Bb4 20. d5 Qe7 21. Nxc4 Nxe4 22. Qxe4 Qxe4+ 23. Nxe4 Rxe4 24. Ne3 Ree8 25. Nf5 f6 26. Nd4 Ne5 27. Nc6 Nxc6 28. dxc6 Bc5 29. a5 Rxc6 30. axb6 Rxb6 31. Rxc5 Rxb2 32. Rd7 Kh8 33. Rcc7 Rg8 34. h4 h6 35. Ra7 1/2-1/2

[Event "23rd Pirc Memorial Juniors 202"]
[Site "Maribor"]
[Date "2020.08.16"]
[Round "9.5"]
[White "Heric, Meta"]
[Black "Drevensek, Doroteja"]
[Result "1/2-1/2"]
[ECO "C48"]
[WhiteElo "1287"]
[BlackElo "1381"]
[Annotator "NA"]
[PlyCount "65"]
[EventDate "2020.08.12"]
[EventType "tourn"]
[EventCountry "SLO"]
[SourceTitle "playchess.com"]
[Source "ChessBase"]
[SourceQuality "1"]
[TimeControl "3600+30"]

1. e4 e5 2. Nf3 Nc6 3. Nc3 Nf6 4. Bb5 Bd6 5. d4 exd4 6. Nxd4 Nxd4 7. Qxd4 Qe7 8. Bg5 Be5 9. Bxf6 Bxf6 10. Qe3 c6 11. Be2 O-O 12. O-O Re8 13. Bf3 Qb4 14. Rab1 d5 15. a3 Qf8 16. Qd3 d4 17. Ne2 Qc5 18. b4 Qb6 19. Ng3 Be6 20. Nh5 Qd8 21. Nxf6+ Qxf6 22. Rfd1 Rad8 23. Qe2 b6 24. e5 Qg5 25. Bxc6 Bg4 26. Qd3 Bxd1 27. Bxe8 Rxe8 28. Rxd1 Qxe5 29. Qd2 h6 30. h3 Qe2 31. Qxe2 Rxe2 32. Rxd4 Rxc2 33. Rd7 1/2-1/2